 Dungeon Crawl Stone Soup version 0.31-a0-354-g827e0957a7 (webtiles) character file.

Game seed: 8005295909416273067

67 Sabo the Chopper (level 4, -6/37 HPs)
             Began as a Formicid Monk on July 23, 2023.
             Mangled by Jessica
             ... wielding a +2 dagger of electrocution
              (15 damage)
             ... on level 2 of the Dungeon.
             The game lasted 00:06:03 (1151 turns).

Sabo the Chopper (Formicid Monk)                    Turns: 1151, Time: 00:06:04

Health: -6/37      AC: 10    Str: 17    XL:     4   Next: 40%
Magic:  13/13      EV:  8    Int: 10    God:
Gold:   47         SH:  0    Dex: 16    Spells: 3/3 levels left

rFire   . . .        a - +0 hand axe
rCold   . . .        d - orb {light}
rNeg    . . .        b - +0 chain mail
rPois   .            (helmet unavailable)
rElec   .            (no cloak)
rCorr   .            f - +1 pair of gloves
SInv    +            (no boots)
Will    .....        (no amulet) Stlth
                     h - ring of magical power
HPRegen 0.26/turn    (no ring)
MPRegen 0.13/turn

%: no passive effects
@: glowing
A: permanent stasis, dig shafts and tunnels, antennae 3, four strong arms
a: Dig, Shaft Self


You were on level 2 of the Dungeon.
You visited 1 branch of the dungeon, and saw 2 of its levels.

You collected 47 gold pieces.

Inventory:

Hand Weapons
 a - a +0 hand axe (weapon)
 e - a +1 sling of flaming
Armour
 b - a +0 chain mail (worn)
 d - an orb of light (worn)
 f - a +1 pair of gloves (worn)
Jewellery
 h - a ring of magical power (left hand)
Scrolls
 i - a scroll of identify {unknown}
 j - a scroll of amnesia {unknown}
 k - a scroll of enchant armour {unknown}
 l - a scroll of teleportation {unknown}
 m - a scroll of poison {unknown}
Potions
 c - a potion of ambrosia
 g - a potion of attraction {unknown}


   Skills:
 + Level 3.8 Fighting
 + Level 4.0 Axes
 + Level 0.7 Armour
 + Level 3.1 Dodging


You had 3 spell levels left.
You didn't know any spells.
Your spell library contained the following spells:

 Spells                   Type           Power      Damage    Failure   Level
 Lesser Beckoning         Tloc           0%         N/A       100%        2
 Momentum Strike          Conj/Tloc      0%         3d8       100%        2
 Inner Flame              Hex/Fire       0%         N/A       100%        3
 Yara's Violent Unravell  Hex/Tmut       0%         3d3       100%        5
 Enfeeble                 Hex            0%         N/A       100%        7
 Blink                    Tloc           Unusable   N/A       N/A         2

Dungeon Overview and Level Annotations

Branches:
Dungeon (2/15)

Altars:

Annotations:
D:2 Jessica


Innate Abilities, Weirdness & Mutations

You cannot be hasted, slowed, berserked, paralysed or teleported.
You can dig through walls and to a lower floor.
You have a pair of large antennae on your head. (SInv)
Your four strong arms can wield two-handed weapons with a shield.


Message History

You slash the kobold!
You kill the kobold!
An orc comes into view. It is wielding a +0 hand axe.
There is a stone staircase leading up here.
Items here: ( )) [.
Things that are here:
a +0 dagger; a +0 trident
Things that are here:
a +0 dagger; a +0 trident The orc shouts!
There is a stone staircase leading up here.
Items here: ( )) [.
Okay, then.
You hit the orc.
The orc is almost dead.
The orc hits you with a +0 hand axe. x2
You hit the orc.
You kill the orc!
Things that are here:
a +0 hand axe; an orc corpse You start resting.
You sense a monster nearby.
You start resting.
Jessica the Apprentice Sorceress comes into view.
She is wielding a +2 dagger of electrocution.
Jessica gestures at you while chanting. Pain shoots through your body!
Things that are here:
a +0 hand axe; an orc corpse Jessica casts a spell at you.
Pain shoots through your body!
* * * LOW HITPOINT WARNING * * *
Found a runed helmet.
Jessica mumbles some strange words.
Jessica blinks!
Jessica hits you with a +2 dagger of electrocution.
* * * LOW HITPOINT WARNING * * *
You hit Jessica.
Jessica is heavily wounded.
Jessica hits you but does no damage.
You are electrocuted!
You die...

..... ...
,.....##.##
.........#####
>............'
#######...####
#...)<....## .
#.###.#)...###...
#.....#.@#...'...
#######.@..###.
.[......##.#
######### .# { .#
.. ## {


You could see Jessica.

Vanquished Creatures
  An orc wizard (D:2)
  A dart slug (D:1)
  3 orcs (D:2)
  A bat (D:1)
  2 endoplasms (D:1)
  2 giant cockroaches
  A goblin (D:1)
  2 hobgoblins (D:1)
  6 kobolds
  5 quokkas (D:1)
  4 ball pythons (D:1)
  2 frilled lizards (D:1)
  6 rats (D:1)
36 creatures vanquished.

Notes
Turn   | Place    | Note
-------+----------+-------------------------------------------
     0 | D:1      | Sabo the Formicid Monk began the quest for the Orb.
     0 | D:1      | Reached XP level 1. HP: 18/18 MP: 1/1
   117 | D:1      | Reached XP level 2. HP: 22/24 MP: 2/2
   427 | D:1      | Reached XP level 3. HP: 29/29 MP: 3/3
   561 | D:1      | Found a faded altar of an unknown god.
  1049 | D:2      | Reached skill level 4 in Axes
  1049 | D:2      | Reached XP level 4. HP: 22/37 MP: 4/4
  1143 | D:2      | Noticed Jessica
  1151 | D:2      | Mangled by Jessica

Illustrated notes

Levels and vault maps discovered:
D:1:      psy_arrival_statuary, layout_loops_ring,
          shapermc_ecumenical_altar_mp_highgroup, lexackson_kobold_supper
D:2:      layout_basic, uniq_terence, uniq_jessica

Skill      XL: |  1  2  3 |
---------------+----------+-----
Dodging        | 3 |  3.1
Axes           | 4 |  4.0
Fighting       | |  3.8
Armour         | |  0.7

Action                     |  1- 3 |  4- 6 || total
---------------------------+-------+-------++-------
  Melee: Hand axe          |    82 |     4 ||    86
 Armour: Chain mail        |    29 |     2 ||    31
         Leather armour    |     1 |       ||     1
  Dodge: Dodged            |    24 |       ||    24

Table legend: (Time is in decaauts)
 A = Elapsed time spent in this place.
 B = Non-inter-level travel time spent in this place.
 C = Inter-level travel time spent in this place.
 D = Time resting spent in this place.
 E = Time spent auto-exploring this place.
 F = Levels seen in this place.
 G = Mean time per level.
                   A        B        C        D        E       F      G
               +--------+--------+--------+--------+--------+-----+--------+
         Total |   1160 |   1160 |      0 |    117 |      0 |   2 |  580.0 |
       Dungeon |   1160 |   1160 |      0 |    117 |      0 |   2 |  580.0 |
               +--------+--------+--------+--------+--------+-----+--------+

Top non-repeatable levels by time:
     D:1: 1013 daAuts
     D:2: 146 daAuts
